 Dungeon Crawl Stone Soup version 0.28.0 (webtiles) character file.

Game seed: 11632323734070002171

223 crazypyro the Chopper (level 6, -6/56 HPs)
             Began as a Hill Orc Monk on Feb 11, 2022.
             Killed from afar by a white imp (8 damage)
             ... with a puff of frost
             ... on level 3 of the Dungeon.
             The game lasted 00:04:04 (2238 turns).

crazypyro the Chopper (Hill Orc Monk)               Turns: 2238, Time: 00:04:05

Health: -6/56      AC:  5    Str: 16    XL:     6   Next: 0%
Magic:  6/6        EV: 11    Int: 10    God:
Gold:   52         SH:  0    Dex: 13    Spells: 5/5 levels left

rFire   . . .      SeeInvis .   a - +0 hand axe
rCold   . . .      Faith    .   (no shield)
rNeg    . . .      Spirit   .   e - +0 ring mail
rPois   .          Reflect  .   (no helmet)
rElec   .          Harm     .   (no cloak)
rCorr   .          Rampage  .   (no gloves)
Will    .....                   (no boots)
Stlth   +.........              (no amulet)
HPRegen 0.18/turn               (no ring)
MPRegen 0.10/turn               (no ring)

@: no status effects
A: no striking features
a: no special abilities


You were on level 3 of the Dungeon.
You visited 1 branch of the dungeon, and saw 4 of its levels.

You collected 52 gold pieces.

Inventory:

Hand Weapons
 a - a +0 hand axe (weapon)
Armour
 b - a +0 robe
 e - a +0 ring mail (worn)
Jewellery
 c - a +6 ring of dexterity
 d - an amulet of regeneration
Wands
 j - a wand of acid (6)
Scrolls
 f - a scroll of teleportation
 g - a scroll of identify {unknown}
 h - a scroll of fear {unknown}
Potions
 i - 2 potions of curing {unknown}
 k - a potion of heal wounds {unknown}
 l - a potion of attraction {unknown}


   Skills:
 + Level 5.2 Fighting
 * Level 7.1 Axes
 - Level 2.5 Dodging
 - Level 1.8 Stealth


You had 5 spell levels left.
You didn't know any spells.
Your spell library contained the following spells:

 Spells                   Type           Power      Damage    Failure   Level
 Magic Dart               Conj           0%         1d3       58%         1
 Call Imp                 Summ           0%         N/A       73%         2
 Mephitic Cloud           Conj/Pois/Air  0%         N/A       91%         3


Dungeon Overview and Level Annotations

Branches:
Dungeon (4/15)
 Temple: D:4-7

Altars:
Cheibriados

Shops:
D:2 *:

Annotations:
D:2 Sigmund


Message History

The white imp closely misses you. The iguana bites you!
You closely miss the iguana.
The iguana is severely wounded.
You hit the white imp but do no damage. You hit the centaur skeleton.
The white imp gestures at you. The puff of frost hits you!
The iguana bites you.
* * * LOW HITPOINT WARNING * * *
You hit the iguana.
The iguana is almost dead.
You hit the kobold.
You kill the kobold!
You closely miss the white imp.
The white imp hits you but does no damage.
The iguana bites you!
* * * LOW HITPOINT WARNING * * *
You slash the iguana!
You kill the iguana!
You hit the centaur skeleton but do no damage.
You hit the white imp.
The centaur skeleton closely misses you. x2
The white imp hits you.
* * * LOW HITPOINT WARNING * * *
The white imp freezes you.
* * * LOW HITPOINT WARNING * * *
The centaur skeleton hits you but does no damage.
The centaur skeleton kicks you but does no damage.
Your Axes skill increases to level 7!
You have reached level 6!
There is a stone staircase leading up, spattered with blood here.
The white imp gestures at you. The puff of frost misses you.
The centaur skeleton hits you.
* * * LOW HITPOINT WARNING * * *
The centaur skeleton closely misses you.
You climb upwards.
There is a stone staircase leading down here.
You hit the white imp but do no damage.
The white imp is severely wounded.
The white imp gestures at you. The puff of frost hits you!
You die...

#.......... ###.#########
#..<...######
##...#......#
#....######.. ###.##.###
##. ##########........##
##.
##.....#....##'##..(###..
##.......@..##...##..##...
#.........5.#..#..#......#
#...........#.#)#.#..##.##
#...........+..#.†'..#....
#...........#.#.#†#.......
#...........#..#..#...####
##..........##...##...#
##.....#....##+##..#.####
##########........#.....


You could see a white imp.

Vanquished Creatures
  A black bear (D:3)
  An iguana (D:4)
  An orc wizard (D:2)
  2 adders
  A worm (D:3)
  5 dart slugs
  3 orcs
  5 endoplasms
  3 giant cockroaches
  3 goblins
  2 hobgoblins
  5 quokkas
  A ball python (D:3)
  7 bats
  A frilled lizard (D:3)
  5 kobolds
  7 rats
53 creatures vanquished.

Notes
Turn   | Place    | Note
-------+----------+-------------------------------------------
     0 | D:1      | crazypyro the Hill Orc Monk began the quest for the Orb.
     0 | D:1      | Reached XP level 1. HP: 19/19 MP: 1/1
   107 | D:1      | Reached XP level 2. HP: 14/27 MP: 2/2
   584 | D:1      | Reached XP level 3. HP: 27/33 MP: 3/3
   835 | D:2      | Found Xemiewke's Book Boutique.
   906 | D:2      | Reached skill level 5 in Axes
  1086 | D:2      | Found Naribenu's Assorted Antiques.
  1087 | D:2      | Noticed Sigmund
  1110 | D:3      | Reached XP level 4. HP: 32/41 MP: 4/4
  1347 | D:3      | Noticed a black bear
  1361 | D:3      | Killed a black bear
  1362 | D:3      | Reached skill level 5 in Fighting
  1362 | D:3      | Reached skill level 6 in Axes
  1362 | D:3      | Reached XP level 5. HP: 9/48 MP: 5/5
  2222 | D:4      | Found a snail-covered altar of Cheibriados.
  2235 | D:4      | Reached skill level 7 in Axes
  2235 | D:4      | Reached XP level 6. HP: 3/56 MP: 6/6
  2236 | D:4      | HP: 2/56 [centaur skeleton (2)]
  2238 | D:3      | Killed from afar by a white imp

Illustrated notes

Levels and vault maps discovered:
D:1:      elethiomel_arrival_quiet, layout_basic
D:2:      layout_loops_corners, serial_shops, shop_statue, nicolae_shop_crystal,
          shop, nicolae_shop_hallway_plus, hellmonk_ecumenical_altar_zigzags,
          uniq_sigmund, uniq_robin
D:3:      layout_rooms, minmay_box_of_dots
D:4:      layout_basic, lemuel_crystal_altar, mainiacjoe_overflow_chevrons,
          minmay_temple_entry_drinking_statues, wad_rectangle_vault

Skill      XL: |  1  2  3  4  5 |
---------------+----------------+-----
Fighting       | 4 5 |  5.2
Axes           | 5 6 7 |  7.1
Dodging        | |  2.5
Stealth        | |  1.8

Action                   |  1- 3 |  4- 6 || total
-------------------------+-------+-------++-------
Melee: Hand axe          |    90 |    97 ||   187
       Punch             |     2 |       ||     2
  Use: Scroll            |     1 |       ||     1
 Stab: Sleeping          |     1 |     1 ||     2
Armor: Robe              |    14 |       ||    14
       Ring mail         |    24 |    31 ||    55
Dodge: Dodged            |    54 |    80 ||   134
